woodfighter, chaotic female sylph Ranger ------------------ ---- |.....)..........------..| |.a................^^^^^.| |.a`).......----.-------^| |--@--------|....| |^| |.....|.....|....| |^| |....`|`..`...`..| |^| |....%...`...----- |^| |....`|.``.``| |^| |.....|-.....| |^| -----.-------- ------|^| |.`.....`.| --|.....|^| |...`.`...| |.+.....|^| |-.----%..| |-|.....|^| |..`...`%-- |.+..(..+.| |.>...`..| |-|.....|-- |.....---- |.+.....| ------- --|.....| ------- woodfighter the Trailblazer Experience level: 8 Strength: 16 Dexterity: 11 Constitution: 15 Intelligence: 12 Wisdom: 14 Charisma: 7 Health: 0(62) Energy: 46(46) Def: 0 Gold: 28 Moves: 6747 Dungeon seed: UWg31GNALMve1dvP Game ID: woodfighter_1471515878 Your Inventory: Coins $ - 28 gold pieces Amulets J - an uncursed amulet of ESP Weapons a - a +2 bow (weapon in hand) b - 46 blessed +2 arrows (in quiver) d - 31 +0 arrows Armor e - an uncursed +2 cloak of displacement r - an uncursed +0 mummy wrapping z - a cursed -1 dwarvish cloak Comestibles f - an uncursed cram ration o - 7 uncursed food rations p - an uncursed orange B - 2 uncursed lizard corpses G - 3 uncursed cream pies Q - an uncursed pear R - an uncursed tin of cave spider meat T - an uncursed lembas wafer Rings j - a cursed ring of fire resistance q - an uncursed ring of free action A - an uncursed -3 ring of increase accuracy C - an uncursed ring of invisibility N - an uncursed ring of sustain ability S - an uncursed ring of shock resistance Z - an uncursed ring of polymorph Tools l - a +0 unicorn horn n - an uncursed stethoscope y - an uncursed skeleton key H - an uncursed brass lantern (0:1218) Spells and supernatural/magical abilities: Name Level Category Fail Memory W - pray for help -- divine ? -- Your skills at the end: Miscellaneous Skills wands [Basic] Weapon Skills dagger [Basic] bow [Skilled] Spellcasting Skills Final Attributes: You were piously aligned. You saw invisible. You had automatic searching. You had infravision. You were displaced. You were stealthy. You were protected from shape changers. You were fast. You were unlucky. You are dead. Vanquished creatures: 2 giant mimics a large mimic a large cat a dwarf king an ochre jelly an ettin zombie 2 wolves 4 winter wolf cubs 5 leprechauns 2 lizards a giant spider a dwarf mummy a Green-elf a housecat 2 dwarf lords a white unicorn a raven an ape a human zombie a soldier ant an imp 2 rock moles a shrieker a violet fungus a gnome lord a gnomish wizard 2 red naga hatchlings 2 black naga hatchlings a gray ooze 3 elf zombies 2 ghouls a straw golem a paper golem 2 giant ants a little dog 2 floating eyes a kitten a dwarf a homunculus 5 iguanas 6 hill orcs a rothe a monkey 2 wererats a werejackal 2 coyotes 2 gas spores 2 acid blobs a large kobold 9 geckos a hobgoblin a giant rat 3 cave spiders a brown mold a yellow mold a green mold 20 garter snakes 2 gnome zombies 3 jackals a fox 3 kobolds 4 newts a goblin 6 grid bugs 4 lichens a kobold zombie 143 creatures vanquished. Voluntary challenges: You were vegetarian. You had been an atheist until turn 2039. You used a wielded weapon 5 times, starting on turn 3704. You did not apply a unicorn horn. You read items or engraved 1 time, starting on turn 6411. You never genocided any monsters. You polymorphed 1 item, starting on turn 6285. You never changed form. You cheated in Sokoban 4 times, without finishing. You used no wishes. You never split a pudding. You never wrote Elbereth's name. You violated your moral code, losing 2 points of alignment, starting on turn 3711. Dungeon overview: The Dungeons of Doom: levels 1 to 10 Level 1 a long staircase Level 2 a potion shop Level 3 a fountain Level 4 a scroll shop, a fountain stairs to The Gnomish Mines Level 5 an altar to Mars, a fountain Level 6 Level 7 a fountain Level 8 Level 9 many fountains Level 10 stairs to Sokoban The Gnomish Mines: Level 5 stairs to The Dungeons of Doom Sokoban: levels 6 to 9 Level 6 <- You were here a magic chest Level 7 Level 8 Level 9 a magic chest stairs to The Dungeons of Doom History has recorded: On T:1 you entered the Dungeons of Doom to retrieve the Amulet of Yendor! On T:57 you reached level 2 of The Dungeons of Doom. On T:279 you advanced to experience level 2. On T:529 you reached level 3 of The Dungeons of Doom. On T:935 you advanced to experience level 3. On T:1495 you reached level 4 of The Dungeons of Doom. On T:1637 you reached level 5 of The Dungeons of Doom. On T:1704 you advanced to experience level 4. On T:1732 you reached level 1 of The Gnomish Mines. On T:2188 you reached level 6 of The Dungeons of Doom. On T:2450 you advanced to experience level 5. On T:2706 you reached level 7 of The Dungeons of Doom. On T:3282 you reached level 8 of The Dungeons of Doom. On T:3648 you advanced to experience level 6. On T:3682 you reached level 9 of The Dungeons of Doom. On T:4072 you advanced to experience level 7. On T:4249 you reached level 10 of The Dungeons of Doom. On T:4569 you reached level 4 of Sokoban. On T:4611 you opened a magic chest. On T:4612 you opened a magic chest. On T:4894 you opened a magic chest. On T:4911 you reached level 3 of Sokoban. On T:5598 you reached level 2 of Sokoban. On T:5945 you advanced to experience level 8. On T:6231 you opened a magic chest. On T:6353 you opened a magic chest. On T:6354 you opened a magic chest. On T:6624 you reached level 1 of Sokoban. Score breakdown: Gold: 28 ( 2 points) Experience: 8 levels ( 700 points) Exploration: 10 levels ( 270 points) Discoveries: 8 items ( 400 points) Variety of kills: 66 monsters ( 2000 points) Major goal: (nothing yet) ( 0 points) Survival: died (score multiplied by 3) Total score: 10116 Latest messages: T - a lembas wafer. With great effort you move the boulder. The boulder falls into and plugs a hole in the floor! With great effort you move the boulder. (2x) You hear a sound reminiscent of an elephant stepping on a peanut. The boulder falls into and plugs a hole in the floor! You see here 2 food rations. With great effort you move the boulder. You cannot pass that way. The arrow hits the soldier ant! The soldier ant bites! The soldier ant stings! The arrow misses the soldier ant. The soldier ant bites! The soldier ant stings! The soldier ant's sting was poisoned! The soldier ant bites! The soldier ant stings! You shoot 3 arrows. The 1st arrow hits something. You kill the soldier ant! The soldier ant bites! The soldier ant stings! You die... Final status: Goodbye woodfighter the Ranger, killed by a soldier ant... You died in Sokoban on dungeon level 6 with 10116 points, and 28 pieces of gold, after 6747 moves. You were level 8 with a maximum of 62 hit points when you died.